 Dungeon Crawl Stone Soup version 0.30-a0-743-gbfdf073431 (webtiles) character file.

Game seed: 7274907917010475567

218 Leeroy the Slasher (level 5, 0/26 HPs)
             Began as a Vine Stalker Warper on Feb 7, 2023.
             Constricted to death by a ball python (1 damage)
             ... on level 4 of the Dungeon.
             The game lasted 00:02:53 (1818 turns).

Leeroy the Slasher (Vine Stalker Warper)            Turns: 1818, Time: 00:02:54

Health: 0/26       AC:  3    Str: 13    XL:     5   Next: 95%
Magic:  0/9        EV:  9    Int: 13    God:
Gold:   148        SH:  0    Dex: 22    Spells: 6/8 levels left

rFire   . . .      SeeInvis +    a - +0 falchion
rCold   . . .      Faith    .    (no shield)
rNeg    . . .      Spirit   +    b - +0 leather armour
rPois   .          Reflect  .    (no helmet)
rElec   .          Harm     .    (no cloak)
rCorr   .          Rampage  .    (no gloves)
Will    .....                    (no boots)
Stlth   ++                       g - amulet of magic regeneration
HPRegen 1.04/turn                f - +6 ring of dexterity
MPRegen 0.51/turn                n - ring of see invisible

@: lethally poisoned (0 -> -10), constricted
A: fangs 2, regeneration 1, magic shield, antimagic bite, no potion heal 2
a: no special abilities


You were on level 4 of the Dungeon.
You visited 2 branches of the dungeon, and saw 7 of its levels.

You collected 148 gold pieces.

Inventory:

Hand Weapons
 a - a +0 falchion (weapon)
Missiles
 d - 7 boomerangs of dispersal (quivered)
 q - 2 silver boomerangs
Armour
 b - a +0 leather armour (worn)
Jewellery
 f - a +6 ring of dexterity (left hand)
 g - an amulet of magic regeneration (around neck)
 n - a ring of see invisible (right hand)
Scrolls
 c - a scroll of blinking
 e - a scroll of silence {unknown}
 h - 2 scrolls of teleportation {unknown}
 l - a scroll of summoning {unknown}
 m - 2 scrolls of identify {unknown}
 o - a scroll of poison {unknown}
 r - a scroll of fog {unknown}
Potions
 i - a potion of degeneration {unknown}
 k - a potion of curing {unknown}
 p - a potion of might {unknown}


   Skills:
 - Level 1.7 Fighting
 + Level 5.4 Long Blades
 - Level 0.8 Throwing
 - Level 0.7 Armour
 - Level 1.5 Dodging
 - Level 2.1 Spellcasting
 - Level 3.0 Translocations


You had 6 spell levels left.
You knew the following spells:

 Your Spells              Type           Power      Damage    Failure   Level
a - Blink                 Tloc           18%        N/A       14%         2

Your spell library contained the following spells:

 Spells                   Type           Power      Damage    Failure   Level
 Lesser Beckoning         Tloc           18%        N/A       14%         2
 Teleport Other           Tloc           9%         N/A       28%         3
 Vhi's Electric Charge    Tloc/Air       10%        N/A       45%         3
 Manifold Assault         Tloc           9%         N/A       67%         4
 Chain Lightning          Conj/Air       0%         2d1       100%        9
 Fire Storm               Conj/Fire      0%         6d1       100%        9
 Shatter                  Erth           0%         3d5*      100%        9


Dungeon Overview and Level Annotations

Branches:
Dungeon (6/15)             Temple (1/1) D:5

Altars:
Ashenzari
Cheibriados
Dithmenos
Elyvilon
Fedhas
Gozag
Kikubaaqudgha
Makhleb
Okawaru
Qazlal
Ru
Sif Muna
Trog
Wu Jian
Xom
Yredelemnul
Zin

Shops:
D:2 =


Innate Abilities, Weirdness & Mutations

You have extremely sharp teeth.
Your natural rate of healing is unusually fast.
When hurt, damage is shared between your health and your magic reserves.
Your bite disrupts and absorbs the magic of your enemies.
Potions cannot restore your health.


Message History

The scorpion stings you but does no damage.
You hit the scorpion.
The scorpion is moderately wounded.
You feel sick. The ball python closely misses you. The ball python grabs you.
The ball python constricts you. The scorpion completely misses you.
The ball python closely misses you. The ball python constricts you.
You hit the ball python. Your bite misses the ball python.
The ball python is moderately wounded.
You feel sick. The scorpion stings you. The ball python bites you.
The ball python constricts you.
You barely miss the ball python. Your bite misses the ball python.
The ball python is moderately wounded.
You feel sick. The scorpion stings you.
You are more poisoned.
The scorpion poisons you!
The ball python bites you but does no damage.
The ball python constricts you. The scorpion stings you.
You are lethally poisoned!
The scorpion poisons you!
You are too injured to fight recklessly!
You are too injured to fight recklessly!
You are too injured to fight recklessly!
You are too injured to fight recklessly!
You barely miss the scorpion. Your bite misses the scorpion.
The scorpion is moderately wounded.
You feel very sick. The ball python closely misses you.
The ball python constricts you. The scorpion stings you.
* * * LOW HITPOINT WARNING * * *
You are more poisoned.
The scorpion poisons you!
The ball python bites you but does no damage.
The ball python constricts you.
It was a potion of heal wounds.
That seemed strangely inert.
* * * LOW HITPOINT WARNING * * *
You feel very sick. The scorpion stings you. The ball python bites you.
* * * LOW HITPOINT WARNING * * *
The ball python constricts you.
You die...

#.# ... ###.# #....
# #.#.#####.#
#####...#/..#.####
......s...........
##..S@....#
......#####.#
............######
.....###..........#
.....#...#........#
.....#.###........#
# #.........######
#.........#
##.........#


You could see a scorpion and a ball python.

Vanquished Creatures
  A phantom (D:2)
  A hound (D:5)
  An adder (D:3)
  A shadow imp (D:5)
  A worm (D:4)
  A dart slug (D:2)
  9 orcs
  5 ball pythons
  8 bats
  4 endoplasms
  2 giant cockroaches
  5 goblins
  8 hobgoblins
  2 quokkas (D:1)
  3 frilled lizards
  4 kobolds
  2 rats
58 creatures vanquished.

Vanquished Creatures (others)
  An orc wizard (D:4)
1 creature vanquished.

Grand Total: 59 creatures vanquished

Notes
Turn   | Place    | Note
-------+----------+-------------------------------------------
     0 | D:1      | Leeroy the Vine Stalker Warper began the quest for the Orb.
     0 | D:1      | Reached XP level 1. HP: 11/11 MP: 4/4
    57 | D:1      | Reached skill level 2 in Long Blades
    71 | D:1      | Reached XP level 2. HP: 14/15 MP: 6/6
   226 | D:1      | Reached skill level 3 in Long Blades
   291 | D:1      | Learned a level 2 spell: Blink
   294 | D:1      | Reached XP level 3. HP: 18/18 MP: 7/7
   430 | D:1      | Found a faded altar of an unknown god.
   759 | D:2      | Noticed a phantom
   773 | D:2      | Killed a phantom
   774 | D:2      | Reached skill level 4 in Long Blades
   774 | D:2      | Gained mutation: Your natural rate of healing is unusually
                  | fast. [Vine Stalker growth]
   774 | D:2      | Reached XP level 4. HP: 6/23 MP: 3/8
   842 | D:2      | Reached XP level 5. HP: 26/26 MP: 9/9
   848 | D:2      | Found Bypnotyi's Jewellery Emporium.
  1547 | D:3      | Found a glowing silver altar of Zin.
  1549 | D:3      | You fall into a shaft and drop 3 floors!
  1569 | D:5      | Entered Level 5 of the Dungeon
  1570 | D:5      | Found a staircase to the Ecumenical Temple.
  1614 | D:5      | Reached skill level 5 in Long Blades
  1625 | Temple   | Entered the Ecumenical Temple
  1818 | D:4      | HP: 1/26 [ball python (1)]
  1818 | D:4      | Constricted to death by a ball python

Illustrated notes

Levels and vault maps discovered:
D:1:      minmay_arrival_solitary_statue, layout_rooms,
          shapermc_ecumenical_altar_mp_ritualfount,
          chequers_serial_rivers_micro_e, amethyst_killhole
D:2:      layout_loops_corners, serial_shops, shop, roderic_roman_lattice
D:3:      layout_basic, amcnicky_altar_gilded, serial_co_window_serial,
          co_window_corner_a, co_window_paths_b, co_window_corner_a,
          co_window_paths_a, co_window_paths_a, co_window_of_opportunity_c,
          co_window_unsneaky_path_c, co_window_2corner, co_window_2corner,
          co_window_corner_ca, co_window_4corner_a, co_window_4corner_b,
          dreamdust_princess_corridor, uniq_grinder
D:4:      layout_basic, uniq_pikel, uniq_menkaure
D:5:      layout_basic, minmay_temple_entry_arrows, minmay_crystal_water
D:6:      layout_cave_pools, minmay_fractal_squares_gapless_5, uniq_duvessa,
          uniq_maggie, uniq_blork_the_orc, uniq_prince_ribbit1, uniq_edmund
Temple:   nicolae_temple_x_marks_the_god

Skill      XL: |  1  2  3  4  5 |
---------------+----------------+-----
Long Blades    | 2 3 4 5 |  5.4
Fighting       | |  1.7
Throwing       | |  0.8
Armour         | |  0.7
Dodging        | |  1.5
Spellcasting   | |  2.1
Translocations | |  3.0

Action                     |  1- 3 |  4- 6 || total
---------------------------+-------+-------++-------
  Melee: Falchion          |    90 |    96 ||   186
         Bite              |    17 |    29 ||    46
         Punch             |     1 |     1 ||     2
   Cast: Blink             |       |     1 ||     1
    Use: Potion            |       |     1 ||     1
   Stab: Sleeping          |     1 |     2 ||     3
 Armour: Leather armour    |    42 |    14 ||    56
  Dodge: Dodged            |    84 |    49 ||   133

Table legend: (Time is in decaauts)
 A = Elapsed time spent in this place.
 B = Non-inter-level travel time spent in this place.
 C = Inter-level travel time spent in this place.
 D = Time resting spent in this place.
 E = Time spent auto-exploring this place.
 F = Levels seen in this place.
 G = Mean time per level.
                   A        B        C        D        E       F      G
               +--------+--------+--------+--------+--------+-----+--------+
         Total |   1836 |   1757 |     79 |      0 |   1280 |   7 |  262.3 |
       Dungeon |   1776 |   1697 |     79 |      0 |   1236 |   6 |  296.0 |
        Temple |     59 |     59 |      0 |      0 |     44 |   1 |   59.0 |
               +--------+--------+--------+--------+--------+-----+--------+

Top non-repeatable levels by time:
     D:2: 932 daAuts
     D:1: 601 daAuts
     D:4: 102 daAuts
     D:5: 90 daAuts
  Temple: 59 daAuts
     D:3: 29 daAuts
     D:6: 19 daAuts
